[Event "FIDE World Cup G12-B 2024"]
[Site "Batumi"]
[Date "2024.06.24"]
[Round "2.1"]
[White "Gunawardhana, Devindya Oshini"]
[Black "Gao, Lilianna"]
[Result "1-0"]
[ECO "B31"]
[WhiteElo "1980"]
[BlackElo "1646"]
[Annotator "NA RC"]
[PlyCount "99"]
[EventDate "2024.06.23"]
[EventType "swiss"]
[EventCountry "GEO"]
[SourceTitle "playchess.com"]
[Source "ChessBase"]
[SourceQuality "1"]
[TimeControl "5400+30"]

1. e4 c5 2. Nf3 Nc6 3. Bb5 g6 4. O-O Bg7 5. d3 e5 6. Be3 b6 7. c3 Nge7 8. d4 cxd4 9. cxd4 exd4 10. Nxd4 Bb7 11. Nc3 a6 12. Be2 Qc7 13. Rc1 Qb8 14. Na4 Nc8 15. Bg4 (15. Nb3 $18) 15... Qd6 (15... O-O $16) 16. Nf3 $18 Qxd1 17. Rfxd1 d6 18. Bxc8 Rxc8 19. Nxb6 Rd8 20. Nd5 O-O 21. b3 Rfe8 22. Nd2 Nd4 23. Bxd4 Bxd4 24. Rc4 Bg7 25. f3 Bxd5 26. exd5 Re2 27. Re4 Re8 28. Rxe8+ Rxe8 29. Ne4 Be5 30. f4 Bg7 31. Nxd6 Re2 32. Nc4 Re4 33. g3 Bd4+ 34. Kf1 Bc5 35. d6 Re8 36. d7 Rd8 37. Ne5 Kf8 38. Nc6 Bb6 39. Nxd8 Bxd8 40. Re1 Be7 41. b4 h6 42. a4 h5 43. b5 axb5 44. axb5 f6 45. b6 Kf7 46. b7 Bd8 47. b8=Q Ba5 48. Qe8+ Kg7 49. Re7+ Kh6 50. Qh8# 1-0

[Event "FIDE World Cup G12-B 2024"]
[Site "Batumi"]
[Date "2024.06.24"]
[Round "2.2"]
[White "Pratitee Bordoloi"]
[Black "Rusitashvili, Tea"]
[Result "1-0"]
[ECO "B33"]
[WhiteElo "1796"]
[BlackElo "1535"]
[Annotator "NA RC"]
[PlyCount "111"]
[EventDate "2024.06.23"]
[EventType "swiss"]
[EventCountry "GEO"]
[SourceTitle "playchess.com"]
[Source "ChessBase"]
[SourceQuality "1"]
[TimeControl "5400+30"]

1. e4 c5 2. Nf3 Nc6 3. d4 cxd4 4. Nxd4 Nf6 5. Nc3 e5 6. Ndb5 d6 7. Bg5 a6 8. Na3 b5 9. Nd5 Be7 10. Bxf6 Bxf6 11. c4 b4 12. Nc2 a5 13. Be2 O-O 14. Qd3 Be6 15. O-O Bxd5 16. cxd5 Ne7 17. g3 g6 18. Ne3 Bg7 19. Bg4 h5 20. Bh3 Kh7 21. Rac1 Rh8 22. Rc4 g5 23. Bf5+ Nxf5 24. Nxf5 Qf6 25. Rc6 Rhd8 26. Rfc1 g4 27. Rc7 Bh6 28. R1c6 Kg8 29. Qc4 Bf8 30. Kg2 Qg5 31. Qe2 a4 32. Qe3 Qf6 33. Rb7 Rab8 34. Qb6 Rxb7 35. Qxb7 b3 36. axb3 axb3 37. Qxb3 Qg5 38. Qe3 Qxe3 39. Nxe3 Rb8 40. Nc4 Rb4 41. Kf1 Be7 42. Ke2 Kg7 43. Kd2 Rb3 44. Rb6 Bg5+ 45. Ke2 Rxb6 46. Nxb6 Kf6 47. Nc8 Bc1 48. b4 Ba3 49. b5 Bc5 50. b6 Bxb6 51. Nxb6 Ke7 52. Kd3 Kd8 53. Kc4 Kc7 54. Kb5 Kb7 55. Nd7 Kc7 56. Nf6 1-0

[Event "FIDE World Cup G12-B 2024"]
[Site "Batumi"]
[Date "2024.06.24"]
[Round "2.3"]
[White "Amanzhol, Khanzada"]
[Black "Bassari, Senem Gul"]
[Result "1-0"]
[ECO "B53"]
[WhiteElo "1685"]
[BlackElo "1768"]
[Annotator "NA RC"]
[PlyCount "143"]
[EventDate "2024.06.23"]
[EventType "swiss"]
[EventCountry "GEO"]
[SourceTitle "playchess.com"]
[Source "ChessBase"]
[SourceQuality "1"]
[TimeControl "5400+30"]

1. e4 c5 2. Nf3 d6 3. d4 cxd4 4. Qxd4 Nc6 5. Bb5 Bd7 6. Bxc6 bxc6 7. Nc3 e5 8. Qd3 h6 9. b3 Nf6 10. Bb2 Be7 11. O-O-O O-O 12. h3 Be6 13. g4 Nh7 14. Qa6 Qc7 15. Kb1 Rfd8 16. Rhg1 Ng5 17. Nxg5 Bxg5 18. Na4 Rab8 19. Qe2 c5 20. c4 Rb4 21. Nc3 a6 22. Nd5 Bxd5 23. Rxd5 a5 24. Kc2 a4 25. Rd3 Rdb8 26. Rc3 Qb7 27. Qd3 Bd8 28. Ba3 Rb6 29. Qf3 Ra6 30. Bb2 Ba5 31. Rd3 Bd8 32. Rgd1 Be7 33. h4 Bxh4 34. Rxd6 axb3+ 35. axb3 Rxd6 36. Rxd6 Bf6 37. Rd5 Qc7 38. Qe3 Rc8 39. Ba3 Be7 40. Qd3 Qa5 41. Bb2 Qe1 42. Qf3 Bf6 43. Bc3 Qg1 44. Rd1 Qh2 45. Rh1 Qf4 46. Qxf4 exf4 47. Bxf6 gxf6 48. Rxh6 Kg7 49. Rh5 Kg6 50. Rf5 f3 51. Rxf3 Kg5 52. Rf5+ Kg6 53. Kc3 Rc7 54. b4 cxb4+ 55. Kxb4 Rb7+ 56. Ka5 Rb1 57. c5 Re1 58. f3 Rc1 59. Kb6 Kg7 60. c6 Kf8 61. c7 Ke7 62. Rc5 Rxc5 63. Kxc5 Kd7 64. Kb6 Kc8 65. Kc6 f5 66. exf5 f6 67. Kd6 Kb7 68. Kd7 Ka7 69. c8=Q Kb6 70. Qc6+ Ka7 71. Qb5 Ka8 72. Kc7 1-0

[Event "FIDE World Cup G12-B 2024"]
[Site "Batumi"]
[Date "2024.06.24"]
[Round "2.4"]
[White "Siddhi Rao"]
[Black "Xu, Luna Yuexiu"]
[Result "0-1"]
[ECO "B90"]
[WhiteElo "1601"]
[BlackElo "1761"]
[Annotator "NA RC"]
[PlyCount "166"]
[EventDate "2024.06.23"]
[EventType "swiss"]
[EventCountry "GEO"]
[SourceTitle "playchess.com"]
[Source "ChessBase"]
[SourceQuality "1"]
[TimeControl "5400+30"]

1. e4 c5 2. Nf3 d6 3. d4 cxd4 4. Nxd4 Nf6 5. Nc3 a6 6. Be3 e5 7. Nb3 Be6 8. f3 Nbd7 9. Qd2 b5 10. g4 Nb6 11. g5 Nfd7 12. Nd5 Bxd5 13. exd5 Qc7 14. h4 Rc8 15. Rh2 Be7 16. O-O-O Nc4 17. Bxc4 bxc4 18. Na5 Nb8 19. Qb4 Bd8 20. Nb7 Be7 21. Qa4+ Qd7 22. Qxd7+ Nxd7 23. Na5 Nb8 24. Ba7 Nd7 25. Nc6 h6 26. Rg2 hxg5 27. hxg5 Rh3 28. Rf1 Rh5 29. Rfg1 Nf8 30. Be3 Ng6 31. Rg4 Rh4 32. Kd2 Rh3 33. R1g3 Rxg3 34. Rxg3 Nh4 35. Rh3 Nf5 36. Rh8+ Kd7 37. Nb8+ Kc7 38. Nxa6+ Kb7 39. Rxc8 Kxc8 40. f4 exf4 41. Bxf4 Nd4 42. Kd1 Nf3 43. Nb4 Nxg5 44. Nc6 Bf6 45. Bxd6 Bxb2 46. a4 Ne4 47. Bb4 Bc3 48. Be7 Kd7 49. Bf8 Nf6 50. Nb8+ Kc8 51. Nc6 Nxd5 52. Ne7+ Nxe7 53. Bxe7 Kb7 54. Ke2 Ka6 55. Bd8 Bd4 56. Kd2 Bb6 57. Be7 Bd4 58. Bb4 g5 59. Ke2 Kb7 60. Kf3 Kc6 61. Be7 f6 62. Ke4 Be5 63. Kf5 Kb6 64. Bb4 Bd4 65. Ke4 Be5 66. Kd5 c3 67. Bc5+ Ka5 68. Be3 Kxa4 69. Bc1 Kb5 70. Ke4 Kb4 71. Kf5 Bf4 72. Bxf4 gxf4 73. Kxf4 Ka3 74. Kf5 Kb2 75. Kxf6 Kxc2 76. Ke5 Kd3 77. Kf6 c2 78. Kg7 c1=Q 79. Kh8 Qg5 80. Kh7 Ke4 81. Kh8 Kf5 82. Kh7 Kf6 83. Kh8 Qg7# 0-1

[Event "FIDE World Cup G12-B 2024"]
[Site "Batumi"]
[Date "2024.06.24"]
[Round "2.5"]
[White "Pavithra R V"]
[Black "Tereshchenko, Eliza"]
[Result "1-0"]
[ECO "A04"]
[WhiteElo "1614"]
[BlackElo "1694"]
[Annotator "NA RC"]
[PlyCount "133"]
[EventDate "2024.06.23"]
[EventType "swiss"]
[EventCountry "GEO"]
[SourceTitle "playchess.com"]
[Source "ChessBase"]
[SourceQuality "1"]
[TimeControl "5400+30"]

1. e4 c5 2. Nf3 Nc6 3. d3 g6 4. g3 Bg7 5. Bg2 d6 6. O-O e6 7. c3 Qb6 8. Re1 Nge7 9. Nbd2 O-O 10. Nb3 Rd8 11. Be3 a5 12. a4 Qc7 13. Nbd2 b6 14. h4 Ba6 15. Qc2 d5 16. h5 d4 17. cxd4 cxd4 18. Bg5 f6 19. hxg6 hxg6 20. Bh4 g5 21. Bxg5 fxg5 22. Nxg5 Qe5 23. f4 Qc5 24. Qb3 Bc8 25. Nxe6 Bxe6 26. Qxe6+ Kf8 27. e5 Rdc8 28. Ne4 Qd5 29. Qg4 Qf7 30. Nd6 Qg6 31. Qxg6 Nxg6 32. Nxc8 Rxc8 33. Rac1 Nge7 34. Rc4 Nb4 35. Rxc8+ Nxc8 36. Rc1 Ne7 37. Be4 Ned5 38. Rc4 Ne3 39. Rxd4 Nd1 40. b3 Nc3 41. Rd6 Ne2+ 42. Kf2 Nc1 43. Rxb6 Nxb3 44. Rb8+ Ke7 45. Rb7+ Kf8 46. e6 Bd4+ 47. Kg2 Bc5 48. f5 Nd4 49. g4 Nbc2 50. g5 Ne3+ 51. Kh3 Ke8 52. g6 Nexf5 53. Bxf5 Nxf5 54. Rb5 Ng7 55. Rxc5 Nxe6 56. Re5 Kd7 57. Rxe6 Kxe6 58. Kg4 Kf6 59. Kh5 Kg7 60. Kg5 Kg8 61. Kf6 Kh8 62. g7+ Kg8 63. d4 Kh7 64. Kf7 Kh6 65. g8=Q Kh5 66. Qg3 Kh6 67. Qg6# 1-0

[Event "FIDE World Cup G12-B 2024"]
[Site "Batumi"]
[Date "2024.06.24"]
[Round "2.6"]
[White "Abylaykyzy, Bibisara"]
[Black "Amin-Erdene, Tsengel"]
[Result "1/2-1/2"]
[ECO "C07"]
[WhiteElo "1577"]
[BlackElo "1491"]
[Annotator "NA RC"]
[PlyCount "148"]
[EventDate "2024.06.23"]
[EventType "swiss"]
[EventCountry "GEO"]
[SourceTitle "playchess.com"]
[Source "ChessBase"]
[SourceQuality "1"]
[TimeControl "5400+30"]

1. e4 e6 2. d4 d5 3. Nd2 c5 4. exd5 Qxd5 5. Ngf3 cxd4 6. Bc4 Qd6 7. O-O Nf6 8. Nb3 Nc6 9. Nfxd4 Nxd4 10. Nxd4 a6 11. a4 Be7 12. b3 O-O 13. Bb2 Rd8 14. Qe2 Qc7 15. Rfe1 Nd5 16. Qf3 Nb6 17. Bd3 Bf6 18. Qe4 Bxd4 19. Bxd4 f5 20. Qe5 Qxe5 21. Bxe5 Nd5 22. Rad1 Bd7 23. Bxf5 exf5 24. Rxd5 Bc6 25. Rd4 Rxd4 26. Bxd4 Be4 27. c3 Kf7 28. b4 a5 29. f3 Bc2 30. Bc5 Re8 31. Rxe8 Kxe8 32. bxa5 Bxa4 33. Kf2 Kd7 34. Ke3 Ke6 35. Kd4 Bc6 36. Bf8 g5 37. Kc5 Kd7 38. Bh6 g4 39. fxg4 fxg4 40. g3 Bf3 41. c4 Be4 42. Kb6 Bf3 43. c5 Be4 44. a6 bxa6 45. Kxa6 Kc6 46. Bf8 Bd3+ 47. Ka5 Be2 48. Kb4 Bf3 49. Kc3 Be2 50. Kd4 Bf3 51. Ke5 Be2 52. Kf4 Bd1 53. Kg5 Be2 54. Bd6 Bd1 55. Kh5 Be2 56. Kh6 Bd3 57. Bf8 Bc2 58. Kg5 Bd1 59. Kf4 Be2 60. Ke3 Bd1 61. Kf2 Kd7 62. Bd6 Kc6 63. Ke3 Kd7 64. Kf4 Kc6 65. Kg5 Be2 66. Kh4 Bd1 67. h3 gxh3 68. Kxh3 Bc2 69. Kh4 Bg6 70. Kg5 Bd3 71. g4 Bc2 72. Kh6 Bd3 73. g5 Be4 74. Kg7 Bd3 1/2-1/2

[Event "FIDE World Cup G12-B 2024"]
[Site "Batumi"]
[Date "2024.06.24"]
[Round "2.7"]
[White "Bakhshizada, Asnad"]
[Black "QUICKPEN, Deborah Ebimobo-ere"]
[Result "1/2-1/2"]
[ECO "D00"]
[WhiteElo "1748"]
[BlackElo "2048"]
[Annotator "NA RC"]
[PlyCount "98"]
[EventDate "2024.06.23"]
[EventType "swiss"]
[EventCountry "GEO"]
[SourceTitle "playchess.com"]
[Source "ChessBase"]
[SourceQuality "1"]
[TimeControl "5400+30"]

1. d4 Nf6 2. Bg5 d5 3. e3 c5 4. Bxf6 gxf6 5. Nf3 Qb6 6. Qc1 {[%emt 0:04:09] D00: 1 d4 d5: Unusual lines.} Nc6 7. c3 e5 8. dxc5 Bxc5 9. b4 Bd6 10. b5 Na5 11. Nbd2 Bd7 12. Be2 {[%emt 0:02:13] [#]} Rg8 (12... Bxb5 $2 {perishes.} 13. Rb1 $18) (12... Rc8 $1 $17 13. Qb2 Qc7) 13. g3 {[%emt 0:00:57] [#]} Rc8 (13... Bxb5 $2 {too greedy.} 14. Rb1 $18) (13... Bh3 $1 $17) 14. Qc2 e4 15. Nd4 Bb4 16. Nxe4 dxe4 17. Qxe4+ Be7 18. Qxh7 Rf8 19. O-O Rxc3 (19... Rc5 $15 {is more appropriate.}) 20. Rfd1 (20. Rac1 $1 $11 Qc5 21. Rxc3 Qxc3 22. Rd1) 20... Nc4 21. Bxc4 Rxc4 22. Qd3 Qc7 23. a4 Rh8 24. a5 Qc5 25. Qe4 Bc8 ({But not} 25... Bxb5 26. Qxb7 Bd7 27. Rab1 $17) 26. a6 Qc7 $2 {[%emt 0:00:00] [#]} (26... bxa6 $17 {and life is bright.} 27. bxa6 Kf8) 27. Qd3 $4 (27. b6 $1 $18 Qxb6 28. Rdb1) 27... Rc5 28. Rdb1 Qd7 29. b6 bxa6 30. bxa7 Qxa7 31. Qe4 $19 Qd7 32. Rb6 Qd5 33. Qxd5 Rxd5 34. Rb8 Kd7 35. Ra8 Bc5 36. Nb3 Rhh5 37. Rc1 Bb7 38. Rg8 Rxh2 39. e4 Rdh5 40. Nxc5+ Ke7 41. Rc4 Bc6 42. Nxa6 Bb5 43. Rc7+ Ke6 44. Nc5+ Kd6 45. Rcc8 Rh1+ 46. Kg2 Bf1+ 47. Kf3 Rxc5 48. Rgd8+ Ke7 49. Re8+ Kd6 1/2-1/2

[Event "FIDE World Cup G12-B 2024"]
[Site "Batumi"]
[Date "2024.06.24"]
[Round "2.8"]
[White "Bechvaia, Anastasia"]
[Black "Sreekarthika Velmurugan"]
[Result "0-1"]
[ECO "C54"]
[WhiteElo "1549"]
[BlackElo "1838"]
[Annotator "NA RC"]
[PlyCount "66"]
[EventDate "2024.06.23"]
[EventType "swiss"]
[EventCountry "GEO"]
[SourceTitle "playchess.com"]
[Source "ChessBase"]
[SourceQuality "1"]
[TimeControl "5400+30"]

1. e4 e5 2. Nf3 Nc6 3. Bc4 Bc5 4. O-O Nf6 5. d3 d6 6. Bg5 O-O 7. c3 a6 8. a4 Ba7 9. Nbd2 Be6 10. Bxe6 fxe6 11. Re1 Qd7 12. h3 h6 13. Be3 Qf7 14. Bxa7 Rxa7 15. Nf1 Nh5 16. Qd2 Nf4 17. Ng3 Nxg2 18. Kxg2 Qxf3+ 19. Kg1 Raa8 20. Re3 Qf7 21. Kg2 Ne7 22. Rf1 Ng6 23. Kh2 Nf4 24. d4 Qf6 25. d5 Qh4 26. Ne2 exd5 27. exd5 Nxe2 28. Qxe2 Rf4 29. Rg3 Raf8 30. b3 e4 31. b4 Rf3 32. Rg2 Rxh3+ 33. Kg1 Rh1# 0-1

[Event "FIDE World Cup G12-B 2024"]
[Site "Batumi"]
[Date "2024.06.24"]
[Round "2.9"]
[White "Li, Sophie"]
[Black "Kvirkvelia, Anastasia"]
[Result "1-0"]
[ECO "B11"]
[WhiteElo "1764"]
[BlackElo "1440"]
[Annotator "NA RC"]
[PlyCount "113"]
[EventDate "2024.06.23"]
[EventType "swiss"]
[EventCountry "GEO"]
[SourceTitle "playchess.com"]
[Source "ChessBase"]
[SourceQuality "1"]
[TimeControl "5400+30"]

1. e4 c6 2. Nc3 d5 3. Nf3 dxe4 4. Nxe4 Nd7 5. Qe2 e6 6. d4 Ngf6 7. c4 Nxe4 8. Qxe4 Nf6 9. Qd3 Be7 10. Be2 O-O 11. O-O b6 12. Ne5 Bb7 13. Bf3 Rc8 14. Bf4 Nd7 15. Be4 f5 16. Bf3 g5 17. Nxd7 Qxd7 18. Be5 g4 19. Be2 Bd6 20. Qg3 Bxe5 21. Qxe5 c5 22. Rad1 cxd4 23. Rxd4 Qc6 24. f3 Rfd8 25. Rfd1 Rxd4 26. Rxd4 Re8 27. Rd6 Qc5+ 28. Qxc5 bxc5 29. fxg4 fxg4 30. Bxg4 e5 31. Be6+ Kf8 32. Bd5 Bxd5 33. Rxd5 e4 34. Rxc5 e3 35. Kf1 Rd8 36. Ke2 Rd2+ 37. Kxe3 Rxb2 38. Rf5+ Ke7 39. Rf2 Rb4 40. Kd4 Kd6 41. Rf6+ Ke7 42. Ra6 Rb7 43. c5 Kd8 44. Kd5 Rg7 45. g3 Rd7+ 46. Kc4 Rd2 47. Rd6+ Rxd6 48. cxd6 Kd7 49. Kd5 Kd8 50. Kc6 Kc8 51. g4 a6 52. h4 a5 53. g5 a4 54. h5 a3 55. g6 hxg6 56. hxg6 Kd8 57. g7 1-0

[Event "FIDE World Cup G12-B 2024"]
[Site "Batumi"]
[Date "2024.06.24"]
[Round "2.10"]
[White "Chiokadze, Barbare"]
[Black "Vazquez Sanchez, Antia"]
[Result "0-1"]
[ECO "D80"]
[WhiteElo "1461"]
[BlackElo "1607"]
[Annotator "NA RC"]
[PlyCount "126"]
[EventDate "2024.06.23"]
[EventType "swiss"]
[EventCountry "GEO"]
[SourceTitle "playchess.com"]
[Source "ChessBase"]
[SourceQuality "1"]
[TimeControl "5400+30"]

1. d4 Nf6 2. c4 g6 3. Nc3 d5 4. Bg5 Ne4 5. Nxe4 dxe4 6. e3 c6 7. Qc2 Qa5+ 8. Qc3 Qxg5 9. Ne2 Bg7 10. Ng3 Qh4 11. Qc2 Nd7 12. Nxe4 Nf6 13. Nxf6+ Qxf6 14. Be2 c5 15. Rd1 Qb6 16. dxc5 Qxc5 17. O-O O-O 18. Rd5 Qc7 19. Rfd1 Be6 20. R5d2 Rac8 21. b3 b5 22. Rc1 Qa5 23. h3 bxc4 24. bxc4 Bxc4 25. Bxc4 Rxc4 26. Qxc4 Qxd2 27. a3 Bb2 28. Rc2 Qe1+ 29. Kh2 Bxa3 30. Qa4 Bd6+ 31. g3 a5 32. Ra2 Bb4 33. Kg2 Rd8 34. Ra1 Qe2 35. Ra2 Rd2 36. Rxd2 Qxd2 37. Qe8+ Kg7 38. Qb5 Bd6 39. Qa4 Qb4 40. Qa1+ Kg8 41. Kf3 a4 42. Ke2 Qb3 43. Kd2 Bb4+ 44. Kc1 Ba3+ 45. Kd2 Bb2 46. Qd1 Qxd1+ 47. Kxd1 a3 48. Kc2 Kg7 49. f4 Kf6 50. Kb3 Kf5 51. Ka2 h5 52. Kb1 Ke4 53. Ka2 Kxe3 54. g4 hxg4 55. hxg4 Kxf4 56. Kb1 e5 57. Ka2 e4 58. Kb1 e3 59. Ka2 e2 60. Kb3 e1=Q 61. Ka2 Qc3 62. Kb1 Bc1 63. Ka2 Qb2# 0-1

[Event "FIDE World Cup G12-B 2024"]
[Site "Batumi"]
[Date "2024.06.24"]
[Round "2.11"]
[White "Nakashidze, Nino"]
[Black "Lu, Yichen"]
[Result "0-1"]
[ECO "C02"]
[WhiteElo "1618"]
[BlackElo "1561"]
[Annotator "NA RC"]
[PlyCount "78"]
[EventDate "2024.06.23"]
[EventType "swiss"]
[EventCountry "GEO"]
[SourceTitle "playchess.com"]
[Source "ChessBase"]
[SourceQuality "1"]
[TimeControl "5400+30"]

1. e4 e6 2. d4 d5 3. e5 c5 4. c3 Nc6 5. Nf3 Bd7 6. Be2 Nge7 7. O-O cxd4 8. cxd4 Nf5 9. b3 Be7 10. Bb2 Qb6 11. Qd2 h5 12. h3 f6 13. exf6 Bxf6 14. Rd1 Rc8 15. Na3 Qb4 16. Nc2 Qxd2 17. Rxd2 Kf7 18. Rdd1 Nd6 19. Nd2 g6 20. Rac1 Kg7 21. Nf3 Ne4 22. Ne5 Nxe5 23. dxe5 Bg5 24. Ne3 Bh4 25. f3 Bf2+ 26. Kf1 Bxe3 27. Rxc8 Ng3+ 28. Ke1 Rxc8 29. Bd3 a6 30. a3 Bb5 31. Bxb5 axb5 32. Rd3 Bc1 33. Bxc1 Rxc1+ 34. Kf2 h4 35. a4 bxa4 36. bxa4 Rc2+ 37. Kg1 d4 38. Rb3 Rc1+ 39. Kf2 Rf1# 0-1